AoeStats
← Green Assassin

Oasis

509644582Analyzed
4v4 RM · 3d ago on Sep 27, 2026· 23m 26s· 8 players
Game mode
Random Map
Map size
Large (8 player)
Population
200
Speed
Normal
Resources
Standard
Victory
Conquest
Starting age
Dark Age
Ending age
Imperial Age
RankedLock teamsTeams togetherTeam positionsShared explorationLock speedFull tech treeHidden civsTurbo modeCheats
Victory
Defeat
🇨🇳 Magyars · China
1365
+10
🇬🇧 Khmer · United Kingdom
1351
+11
🇨🇴 Persians · Colombia
1325
+12
🇩🇪 Romans · Germany
1294
+13
🇭🇰 Spanish · Hong Kong SAR China
1238
-12
🇨🇳 Mapuche · China
1236
-12
🇦🇷 Saxons · Argentina
1230
-11
🇨🇳 Magyars · China
1210
-11
Green Assassin
0:27 Loom
11:28 Feudal Age
15:38 Man-at-Arms
22:04 Castle Age
20:02 Double-Bit Axe
20:19 Horse Collar
20:49 Gold Mining
21:36 Scale Mail Armor
22:38 Pikeman
Hidemypond
5:21 Loom
9:57 Feudal Age
17:20 Fletching
17:31 Padded Archer Armor
18:34 Double-Bit Axe
18:34 Horse Collar
24:45 Castle Age
23:29 Gold Mining
胖过
6:40 Loom
9:18 Feudal Age
10:13 Double-Bit Axe
10:48 Horse Collar
23:05 Castle Age
21:11 Gold Mining
21:57 Scale Barding Armor
22:44 Bloodlines
23:55 Husbandry
ACI ShaN
5:48 Loom
8:35 Feudal Age
10:06 Double-Bit Axe
13:35 Horse Collar
14:46 Forging
17:02 Wheelbarrow
20:59 Castle Age
19:12 Gold Mining
19:55 Scale Barding Armor
20:10 Bloodlines
21:50 Chain Barding Armor
naturalandre12
1:12 Loom
9:52 Feudal Age
13:06 Wheelbarrow
18:11 Castle Age
咸鱼
7:02 Loom
12:39 Feudal Age
22:25 Fletching
肥羊
9:53 Feudal Age
14:12 Castle Age
12:24 Double-Bit Axe
13:45 Horse Collar
15:53 Loom
ppeng
8:14 Loom
10:19 Feudal Age
14:08 Castle Age
12:38 Double-Bit Axe
12:40 Horse Collar
13:23 Fletching
14:00 Padded Archer Armor
18:08 Wheelbarrow
Connection lost

Rejoining the realm…

Still unreachable

The connection could not be restored.

Session expired

The server has moved on; the page needs a fresh start.